[Event "*** SCC Grand Prix: Titled Tuesday Blitz"]
[Site "Chess.com"]
[Date "2020.10.06"]
[Round "3"]
[White "night_player"]
[Black "JoliyRoger"]
[Result "0-1"]
[WhiteElo "2280"]
[BlackElo "2461"]
[TimeControl "180+1"]
[EndTime "10:27:18 PDT"]
[Termination "JoliyRoger won by resignation"]

1. e4 c6 2. d4 d5 3. e5 Bf5 4. h4 Qb6 5. g4 Bd7 6. c4 dxc4 7. Bxc4 e6 8. Nc3 Ne7 9. h5 Nd5 10. Nge2 Be7 11. Ne4 Qb4+ 12. Nd2 c5 13. O-O cxd4 14. Nxd4 Nc6 15. Bxd5 Qxd4 16. Bg2 Nxe5 17. Nf3 Qxd1 18. Rxd1 Nxg4 19. Bh3 Nf6 20. Ne5 O-O-O 21. Be3 Be8 22.
Rac1+ Kb8 23. Rxd8+ Bxd8 24. Nc4 Nd5 25. Bd4 Bc7 26.
Kf1 Bb5 27. Bxg7 Rc8 28. b3 Nf4 29. Bg4 f5 30. Bf3 Nd3 31. Rc2 Nb4 32. Rb2 Bf4 33. Be5+ Bxe5 0-1

[Event "*** SCC Grand Prix: Titled Tuesday Blitz"]
[Site "Chess.com"]
[Date "2020.10.06"]
[Round "3"]
[White "Fischerev7"]
[Black "ethylalcohol"]
[Result "1-0"]
[WhiteElo "2346"]
[BlackElo "2144"]
[TimeControl "180+1"]
[EndTime "10:27:18 PDT"]
[Termination "Fischerev7 won on time"]

1. e4 e6 2. d4 d5 3. Nc3 Nf6 4. Bg5 Be7 5. e5 Nfd7 6. Bxe7 Qxe7 7. Qg4 O-O 8. Bd3 f5 9. exf6 Nxf6 10. Qh4 c6 11.
Bxh7+ Kf7 12. Nf3 Nbd7 13. O-O-O Nxh7 14. Qxh7 Nf6 15. Ne5+ Ke8 16. Qh3 Rg8 17. Rhe1 Kd8 18. g4 g5 19. f3 Kc7 20. Qg3 Qd6 21. Kb1 Bd7 22. h4 Raf8 23. hxg5 Rxg5 24. Qh4 Rg7 25. a3 b5 26. Nd3 a5 27. Nc5 Bc8 28. Rd3 Re7 29.
Rde3 Rh7 30. Qg5 Rh2 31. Nxe6+ Bxe6 32. Rxe6 Qg3 33. Qe5+ 1-0

[Event "*** SCC Grand Prix: Titled Tuesday Blitz"]
[Site "Chess.com"]
[Date "2020.10.06"]
[Round "3"]
[White "PavelShkapenko"]
[Black "KuzubovYuriy"]
[Result "1/2-1/2"]
[WhiteElo "2716"]
[BlackElo "2929"]
[TimeControl "180+1"]
[EndTime "10:27:19 PDT"]
[Termination "Game drawn by repetition"]

1. e4 c5 2. c3 Nf6 3. e5 Nd5 4.
d4 cxd4 5. cxd4 d6 6. Nf3 Nc6 7. Bc4 e6 8. O-O Be7 9. Bd2 O-O 10. Nc3 Nxc3 11. Bxc3 dxe5 12. dxe5 Qxd1 13. Rfxd1 Rd8 14. Rxd8+ Nxd8 15. Rd1 Kf8 16. Bd3 h6 17. Be4 Ke8 18. Nd4 Bd7 19. f4 Rc8 20. Kf2 Nc6 21. Nb5 a6 22.
Nd6+ Bxd6 23. Rxd6 Nd8 24. Kf3 Bc6 25. g4 Bxe4+ 26.
Kxe4 Rc4+ 27. Rd4 Rxd4+ 28. Bxd4 Kd7 29. a4 g6 30. Bb6 Nc6 31. Bc5 Ke8 32. h3 b5 33. axb5 axb5 34. Bd6 Na5 35. Bb4 Nc4 36. b3 Nb6 37. Kd4 Nd5 38. Bd2 h5 39. Kc5 hxg4 40.
hxg4 b4 41. f5 gxf5 42. gxf5 Kd7 43. f6 Kc7 44. Bxb4 Nf4 45. Kc4 Nd5 46. Bd6+ Kc6 47.
b4 Nb6+ 48. Kd4 Nd5 49. Kc4 Nb6+ 50. Kd4 Nd5 51. Kc4 1/2-1/2

[Event "*** SCC Grand Prix: Titled Tuesday Blitz"]
[Site "Chess.com"]
[Date "2020.10.06"]
[Round "3"]
[White "Oleksandr_Bortnyk"]
[Black "GmSergioBarrientos"]
[Result "1-0"]
[WhiteElo "2901"]
[BlackElo "2690"]
[TimeControl "180+1"]
[EndTime "10:27:19 PDT"]
[Termination "Oleksandr_Bortnyk won by resignation"]

1. e4 c5 2. c3 d5 3. exd5 Qxd5 4. d4 Nf6 5. Nf3 Bg4 6. dxc5 Qxc5 7. Be3 Qc8 8. h3 Bf5 9. Na3 Nbd7 10. Nc4 Qc7 11. Qa4 a6 12. Nb6 Rd8 13. Be2 Be4 14. O-O Bc6 15.
Qa5 Nd5 16. Nc4 Qxa5 17. Nxa5 Nxe3 18. Nxc6 Nxf1 19. Nxd8 Kxd8 20. Kxf1 e6 21. Rd1 Ke7 22. Nd4 g6 23. Bf3 Nc5 24. b4 Na4 25. Bxb7 Nxc3 26. Nc6+ Kf6 27. Rd8 Nxa2 28. Bxa6 Kg7 29. Rd4 e5 30. Rc4 Bd6 31. b5 Ra8 32. Ke2 e4 33.
Kd2 f5 34. Kc2 Bf4 35. g3 e3 36. Rxf4 e2 37. Kd2 Re8 38. Ke1 Nc1 39. Rd4 Nb3 40.
Rd7+ Kf6 41. b6 f4 42. gxf4 Nc5 43. Rd6+ Kf5 44. Bxe2 Kxf4 45. Rd5 Ne4 46. Rd8 Re6 47. b7 Rxc6 48. b8=Q+ Kg5 49. Qe5+ 1-0

[Event "*** SCC Grand Prix: Titled Tuesday Blitz"]
[Site "Chess.com"]
[Date "2020.10.06"]
[Round "3"]
[White "BocharovD"]
[Black "GregShahade"]
[Result "0-1"]
[WhiteElo "2802"]
[BlackElo "2652"]
[TimeControl "180+1"]
[EndTime "10:27:20 PDT"]
[Termination "GregShahade won by resignation"]

1. c4 Nf6 2. g3 g6 3. Bg2 d5 4. cxd5 Nxd5 5. Nc3 Nb6 6. Nf3 Bg7 7. O-O Nc6 8. d3 O-O 9. Be3 e5 10. Qd2 Re8 11. Bh6 Bh8 12. Rac1 Nd4 13. Rfd1 c6 14. Bg5 Qd7 15. Ne4 Nd5 16. e3 Nxf3+ 17. Bxf3 Bg7 18. g4 f5 19. gxf5 gxf5 20. Nc5 Qf7 21. Kh1 b6 22. Na4 e4 23. Bg2 Qh5 24.
dxe4 fxe4 25. Bf4 Nxf4 26. exf4 c5 27. Nc3 Bb7 28. Nb5 Kh8 29. Nd6 Red8 30. Qe1 Rd7 31. Nxb7 Rxb7 32. Qxe4 Rbb8 33. Rd5 Qf7 34. Rcd1 Re8 35.
Qf3 Rac8 36. h3 c4 37. Qg4 Bxb2 38. Rd7 Qg6 39. Qe2 Rxe2 0-1

[Event "*** SCC Grand Prix: Titled Tuesday Blitz"]
[Site "Chess.com"]
[Date "2020.10.06"]
[Round "3"]
[White "Juanovic"]
[Black "vanyakuba"]
[Result "0-1"]
[WhiteElo "2128"]
[BlackElo "2491"]
[TimeControl "180+1"]
[EndTime "10:27:22 PDT"]
[Termination "vanyakuba won by resignation"]

1. e4 d5 2. exd5 Qxd5 3. Nc3 Qa5 4. d4 Nf6 5. Bc4 Bg4 6. Nf3 Nc6 7. Bb5 O-O-O 8. Bxc6 bxc6 9. h3 Bh5 10. Qd3 e6 11. Bd2 c5 12. Nd5 Qa4 13. Nxf6 gxf6 14. b3 Qc6 15. O-O-O Bxf3 16. gxf3 cxd4 17. Kb1 Be7 18. Rhg1 f5 19. Rg7 Rdf8 20. Rdg1 Bf6 21. R7g3 Kb7 22.
Bb4 Rd8 23. f4 a6 24. a4 Rd7 25. Bd2 h5 26. Qe2 h4 27. Rd3 Rhd8 28. Rd1 Rd5 29.
Kb2 Qb6 30. a5 Qb5 31. Qf3 Qc6 32. Be1 Rc5 33. R1d2 Qxf3 34. Rxf3 d3+ 35. c3 Bxc3+ 0-1

[Event "*** SCC Grand Prix: Titled Tuesday Blitz"]
[Site "Chess.com"]
[Date "2020.10.06"]
[Round "3"]
[White "Bigfish1995"]
[Black "Pultis"]
[Result "0-1"]
[WhiteElo "3101"]
[BlackElo "2754"]
[TimeControl "180+1"]
[EndTime "10:27:23 PDT"]
[Termination "Pultis won on time"]

1. d4 Nf6 2. Nf3 g6 3. Nbd2 d5 4. e3 a5 5. c4 Bg7 6. b3 O-O 7. Bb2 a4 8. Be2 c6 9. O-O Bf5 10. bxa4 Qa5 11. Qb3 Nbd7 12. cxd5 Nxd5 13. e4 Nf4 14.
Bc4 Bg4 15. g3 Ne6 16. Kg2 Qh5 17. h4 Rfd8 18. Bc3 Bh6 19. Rh1 Nf6 20. Qxb7 Nxe4 21. Ng5 Nxc3 22. f3 Rxd4 23. Qxa8+ Rd8 24. Qxd8+ Nxd8 25. fxg4 Qxg4 26. Rhf1 Bxg5 27. hxg5 Qd4 28. Rf2 Ne4 29. Re2 Nxd2 30. Rd1 Qxc4 31. Rdxd2 Ne6 32. a5 Qa4 33. Re5 c5 34. Rf2 Qxa5 35. Kh2 Qa8 36.
Rd2 Nd4 0-1

[Event "*** SCC Grand Prix: Titled Tuesday Blitz"]
[Site "Chess.com"]
[Date "2020.10.06"]
[Round "3"]
[White "Leonid_Starozhilov"]
[Black "Andreikka"]
[Result "0-1"]
[WhiteElo "2682"]
[BlackElo "2897"]
[TimeControl "180+1"]
[EndTime "10:27:23 PDT"]
[Termination "Andreikka won by resignation"]

1. e4 e5 2. Nf3 Nc6 3. Bc4 Bc5 4. d3 Nf6 5. Nc3 d6 6. h3 a6 7. Be3 Bxe3 8. fxe3 O-O 9. O-O Ne7 10.
Nh4 d5 11. Bb3 c6 12. Qf3 Be6 13. Qg3 Nd7 14. exd5 cxd5 15. e4 Qb6+ 16. Kh2 d4 17. Nd5 Bxd5 18. exd5 Qd6 19. Rae1 Rac8 20. Qg5 f6 21.
Qg4 g6 22. Kh1 Kh8 23. Qg3 b5 24. a3 Rf7 25. Qg4 f5 26. Qg5 Rg8 27. Nf3 Kg7 28.
Nh4 h6 29. Qg3 Kh7 30. Nf3 f4 31. Qg4 Nf5 32. Kg1 Nf6 33. Qxf5 gxf5 34. Nxe5 Rfg7 35. Re2 Ne4 36. dxe4 Qxe5 37. Rfe1 f3 0-1

[Event "*** SCC Grand Prix: Titled Tuesday Blitz"]
[Site "Chess.com"]
[Date "2020.10.06"]
[Round "3"]
[White "Sanyura"]
[Black "CM_rui"]
[Result "0-1"]
[WhiteElo "2537"]
[BlackElo "2383"]
[TimeControl "180+1"]
[EndTime "10:27:24 PDT"]
[Termination "CM_rui won on time"]

1. e4 e5 2. Nf3 Nc6 3. Bb5 a6 4. Ba4 Nf6 5. O-O Be7 6. Re1 b5 7. Bb3 O-O 8. h3 d6 9. c3 Na5 10. Bc2 c5 11. d4 cxd4 12. cxd4 Bb7 13. Nbd2 Rc8 14. Nf1 Qc7 15. Bb1 exd4 16. Nxd4 Rfe8 17.
Nf5 Bf8 18. Bg5 Nxe4 19. Bxe4 Rxe4 20. Qh5 Nc4 21. Rxe4 Bxe4 22. N1g3 Bb7 23. Rc1 Qc6 24. f3 Qb6+ 25. Kh2 Nxb2 26. Rxc8 Bxc8 27. Bf6 gxf6 28. Qg4+ Kh8 29. Qe4 Qd8 30. Qd4 Nc4 31. f4 Bg7 32. Nxg7 Kxg7 33. Nh5+ Kf8 34. Nxf6 Qb6 0-1

[Event "*** SCC Grand Prix: Titled Tuesday Blitz"]
[Site "Chess.com"]
[Date "2020.10.06"]
[Round "3"]
[White "Oglob71"]
[Black "novocane"]
[Result "1-0"]
[WhiteElo "2501"]
[BlackElo "2273"]
[TimeControl "180+1"]
[EndTime "10:27:24 PDT"]
[Termination "Oglob71 won by resignation"]

1. d4 Nf6 2. Nf3 e6 3. e3 b6 4.
Bd3 Be7 5. Nbd2 Bb7 6. O-O d5 7. Ne5 O-O 8. f4 c5 9. c3 Nc6 10.
Qf3 a5 11. g4 Nxe5 12. fxe5 Nd7 13. Qh3 g6 14. Rf3 Ba6 15. Qf1 Bxd3 16. Qxd3 Rb8 17. Nf1 b5 18. Bd2 b4 19. Ng3 bxc3 20. bxc3 Rb2 21.
Bc1 Rb6 22. Rb1 Rxb1 23. Qxb1 Qb6 24. Qc2 Rb8 25. Rf1 Qb1 26. Qxb1 Rxb1 27. Ba3 Rxf1+ 28.
Kxf1 Kf8 29. Ke2 cxd4 30. Bxe7+ Kxe7 31. cxd4 Nb6 32. Kd3 Nc4 33. Ne2 h5 34. gxh5 gxh5 35. Nf4 h4 36. h3 a4 37. Ng2 a3 38. Nxh4 Nb2+ 39. Kc3 Nc4 40. Ng2 f6 41. exf6+ Kxf6 42. e4 Nb6 43. e5+ Kf5 44. Ne3+ Ke4 45. Nc2 Na4+ 46.
Kb3 Nb6 47. Kxa3 Kd3 48. Kb3 Nc4 49. h4 Nd2+ 50. Kb2 Nc4+ 51. Kc1 Ke4 52. h5 Kf5 53. Nb4 Kg5 54. Nc6 Kxh5 55. Nd8 Kg5 56. Nxe6+ Kf5 57. Nc7 Nb6 58. Kd2 Nc4+ 59. Kc3 Ne3 60. a4 Nc4 61. Nxd5 Ke4 62. Kxc4 1-0

[Event "*** SCC Grand Prix: Titled Tuesday Blitz"]
[Site "Chess.com"]
[Date "2020.10.06"]
[Round "3"]
[White "AndrewMaco"]
[Black "swimmerchess"]
[Result "0-1"]
[WhiteElo "2629"]
[BlackElo "2816"]
[TimeControl "180+1"]
[EndTime "10:27:25 PDT"]
[Termination "swimmerchess won by checkmate"]

1. e4 c5 2. Nf3 Nc6 3. d4 cxd4 4.
Nxd4 Nf6 5. Nc3 d6 6. Bg5 e6 7.
Qd2 a6 8. O-O-O Bd7 9. f3 h6 10.
Be3 b5 11. Nxc6 Bxc6 12. Ne2 Bb7 13. Nd4 Rc8 14. g4 Be7 15. h4 Nd7 16. Be2 Ne5 17. g5 h5 18. Kb1 Qc7 19. Rhg1 g6 20. Bd3 d5 21. exd5 Bxd5 22. Bf4 Bd6 23. Qe2 Nxd3 24.
Bxd6 Qxd6 25. Qxd3 Rd8 26. Qe3 O-O 27. f4 Qb6 28.
Rge1 a5 29. Qe5 b4 30. Qf6 Qb7 31. Rg1 a4 32. f5 Kh7 33. fxg6+ fxg6 34. Qe5 b3 35. cxb3 axb3 36. Nxb3 Ra8 37. Rge1 Rfc8 38. Rc1 Bxb3 39. axb3 Ra1+ 40. Kxa1 Qa6+ 41. Kb1 Qd3+ 42. Rc2 Qxc2+ 43. Ka1 Ra8+ 44. Qa5 Rxa5# 0-1

[Event "*** SCC Grand Prix: Titled Tuesday Blitz"]
[Site "Chess.com"]
[Date "2020.10.06"]
[Round "3"]
[White "K_A_S_T_O_R"]
[Black "ChessWarrior7197"]
[Result "0-1"]
[WhiteElo "2733"]
[BlackElo "3005"]
[TimeControl "180+1"]
[EndTime "10:27:26 PDT"]
[Termination "ChessWarrior7197 won by resignation"]

1. e4 e5 2. Nf3 Nc6 3. Bc4 Bc5 4. c3 Nf6 5. d3 a6 6. Bb3 Ba7 7. O-O d6 8. Nbd2 O-O 9. h3 Nh5 10. Re1 Be6 11. Nf1 Kh8 12. Ng5 Nf4 13. Bxf4 exf4 14. Qh5 h6 15. Nxe6 fxe6 16. Bxe6 f3 17. g3 Qf6 18. Bf5 Ne7 19. Bg4 Kh7 20. e5 dxe5 21.
Qxe5 Qb6 22. Ne3 Ng6 23. Bf5 Rae8 24. Qd5 Kh8 25. Bxg6 Qxg6 26. d4 c6 27. Qc4 Bb8 28. Nf1 Qf5 29. Kh2 Re2 30. Rxe2 fxe2 31. Qxe2 Qxf2+ 32. Qxf2 Rxf2+ 33. Kg1 Rxb2 34. Re1 Kh7 35. a4 Bc7 36. Re7 Ba5 37. Ne3 Bxc3 38. Nf5 Kg6 39. g4 Kg5 40. Rxg7+ Kf4 41. Rf7 a5 42.
Kf1 b5 43. d5 cxd5 44. Nd4+ Ke4 45. Nxb5 Be5 46. Re7 d4 47. Nd6+ Kf3 48. Rf7+ Bf4 0-1

[Event "*** SCC Grand Prix: Titled Tuesday Blitz"]
[Site "Chess.com"]
[Date "2020.10.06"]
[Round "3"]
[White "Atakishiyev04"]
[Black "keepitcoming"]
[Result "1-0"]
[WhiteElo "2750"]
[BlackElo "2477"]
[TimeControl "180+1"]
[EndTime "10:27:27 PDT"]
[Termination "Atakishiyev04 won by resignation"]

1. d4 d5 2. Nf3 Nf6 3. Bf4 Bf5 4. e3 e6 5. Bd3 Bxd3 6. Qxd3 Bd6 7. Nbd2 O-O 8. Ne5 c5 9. c3 Nh5 10. Bg3 Nc6 11. O-O-O Rc8 12. Kb1 cxd4 13. exd4 b5 14. Qxb5 Nxe5 15. dxe5 Nxg3 16. hxg3 Bxe5 17. Qd3 g6 18. Rh4 Qf6 19. Nf3 Bd6 20. Rdh1 h5 21.
g4 hxg4 22. Rxg4 Kg7 23. Rgh4 Rh8 24. Qe3 a5 25. Ka1 a4 26. a3 Rb8 27. Rxh8 Rxh8 28. Rxh8 Kxh8 29. Qd4 Qxd4 30. cxd4 Kg7 31. Ka2 Kf6 32.
b3 axb3+ 33. Kxb3 Ke7 34. a4 f6 35. a5 Kd7 36. g4 g5 37. Ne1 Kc6 38. Ka4 Bf4 39.
Nd3 Bd2 40. a6 Kb6 41. Nc5 e5 42. a7 Kxa7 43. dxe5 fxe5 44. Kb5 e4 45. Kc6 e3 46.
fxe3 Bxe3 47. Kxd5 Kb6 48. Ne6 Bd2 49. Ke5 Be3 50.
Ke4 Bd2 51. Kf5 Bc1 52. Nxg5 Kc5 53. Ne4+ Kd4 54. Nf6 Be3 55. Nh5 Bh6 56. Nf4 Ke3 57. Ne6 Ke2 58. Kg6 Kf3 59. Kf5 Ke2 60. Nd8 Kf2 61. Nf7 Bd2 62. Ng5 Kg3 63. Ne4+ Kh4 64. Nxd2 1-0

[Event "*** SCC Grand Prix: Titled Tuesday Blitz"]
[Site "Chess.com"]
[Date "2020.10.06"]
[Round "3"]
[White "Shuvalov"]
[Black "Kildepiotr"]
[Result "1-0"]
[WhiteElo "2424"]
[BlackElo "2585"]
[TimeControl "180+1"]
[EndTime "10:27:27 PDT"]
[Termination "Shuvalov won by resignation"]

1. Nf3 g6 2. c4 Bg7 3. d4 d6 4.
Nc3 Nd7 5. e4 e5 6. Be3 Ngf6 7. h3 O-O 8. g3 exd4 9. Nxd4 Nc5 10. Bg2 Re8 11. Qc2 a5 12. O-O a4 13. Ndb5 c6 14. Rad1 cxb5 15. Bxc5 bxc4 16. Bxd6 Nd7 17.
Nd5 Be5 18. Nc7 Bxd6 19. Nxe8 Bf8 20. Nd6 Qc7 21. Nxc4 Ne5 22. Ne3 Qxc2 23. Nxc2 Be6 24.
a3 Bb3 25. Rd2 Nc4 26. Re2 Nxb2 27. Nb4 Bxb4 28. axb4 a3 29. Ra1 Nc4 30. e5 a2 31.
Bxb7 Rb8 32. Bd5 Rxb4 33. e6 fxe6 34. Bxe6+ Kg7 35. Re4 Bc2 36. Ree1 Bb1 37. Rc1 Nd2 38. Bxa2 Ra4 39. Raxb1 Rxa2 40. Rb7+ Kh6 41. Kg2 Ne4 42. Rf7 Ng5 43. Rf4 Ne6 44. Rf6 Ng5 45. Rc4 Kg7 46.
Rcf4 Re2 47. h4 Ne4 48. Re6 Nc3 49. Rxe2 Nxe2 50. Rc4 1-0

[Event "*** SCC Grand Prix: Titled Tuesday Blitz"]
[Site "Chess.com"]
[Date "2020.10.06"]
[Round "3"]
[White "Vuk2000"]
[Black "PSvidler"]
[Result "0-1"]
[WhiteElo "2698"]
[BlackElo "2904"]
[TimeControl "180+1"]
[EndTime "10:27:28 PDT"]
[Termination "PSvidler won by resignation"]

1. d4 Nf6 2. Bg5 Ne4 3. Bf4 c5 4. f3 Qa5+ 5. c3 Nf6 6. d5 Qb6 7. Bc1 e6 8. e4 exd5 9. exd5 d6 10. Na3 Be7 11. Nc4 Qc7 12. a4 O-O 13. Bd3 Nxd5 14.
Bxh7+ Kxh7 15. Qxd5 Be6 16. Qd3+ Kg8 17. Bf4 Nc6 18. Ne2 Rad8 19. O-O Ne5 20. Bxe5 dxe5 21. Qe4 Rfe8 22. Ng3 Bg5 23. Rfd1 g6 24. a5 Bf4 25.
b3 f5 26. Qe2 Bf7 27. Nf1 e4 28. g3 Bh6 29. f4 Bg7 30. Qc2 Bxc4 31. bxc4 e3 32. Rxd8 Qxd8 33. Re1 Qxa5 34. Rxe3 Rxe3 35. Nxe3 Qxc3 36. Qxc3 Bxc3 37. Nd5 Bd4+ 38. Kf1 Kf7 39. Ke2 Ke6 40. Kd3 Kd6 41. h3 b5 42. g4 a5 43. Nb6 Kc6 44. Nd5 a4 45. cxb5+ Kxd5 46. gxf5 c4+ 47. Kc2 gxf5 48. h4 0-1

[Event "*** SCC Grand Prix: Titled Tuesday Blitz"]
[Site "Chess.com"]
[Date "2020.10.06"]
[Round "3"]
[White "DamianoLew95"]
[Black "abhidabhi"]
[Result "0-1"]
[WhiteElo "2538"]
[BlackElo "2770"]
[TimeControl "180+1"]
[EndTime "10:27:28 PDT"]
[Termination "abhidabhi won by resignation"]

1. b3 d5 2. f4 Nf6 3. Bb2 g6 4. Nf3 Bg7 5. e3 Bg4 6. h3 Bxf3 7. Qxf3 c6 8. g4 Nbd7 9. g5 Nh5 10. Bxg7 Nxg7 11.
h4 e5 12. Bh3 f5 13. gxf6 Qxf6 14. Bxd7+ Kxd7 15. Nc3 exf4 16. O-O-O Ne6 17. Rdf1 Raf8 18. exf4 Qxf4 19. Qh3 Qd6 20. Re1 Rf5 21. Ne2 d4 22. d3 Rhf8 23. Qg4 Nc7 24. Nxd4 h5 25. Qg1 Qa3+ 26.
Kd1 R5f6 27. Qg3 Nd5 28. Qe5 Qxa2 29. Rh2 Qa1+ 30. Kd2 Qa5+ 31. Kc1 Qa1+ 32. Kd2 Qc3+ 33. Kc1 Nb4 34. Qe7+ Kc8 35. Rd1 Qxd4 36. Re2 Na2+ 37. Kb1 Nc3+ 0-1

[Event "*** SCC Grand Prix: Titled Tuesday Blitz"]
[Site "Chess.com"]
[Date "2020.10.06"]
[Round "3"]
[White "Tsyhanchuk_Stanislav"]
[Black "glebus008"]
[Result "1-0"]
[WhiteElo "2399"]
[BlackElo "2236"]
[TimeControl "180+1"]
[EndTime "10:27:28 PDT"]
[Termination "Tsyhanchuk_Stanislav won on time"]

1. e4 c6 2. d4 d5 3. Nc3 dxe4 4. Nxe4 Nf6 5. Nc5 b6 6. Nb3 Bb7 7. Nf3 Nbd7 8. Bc4 e6 9. O-O Be7 10. Ng5 O-O 11. Re1 h6 12. Bxe6 fxe6 13. Nxe6 Qe8 14. Bxh6 gxh6 15. Qd2 Kh7 16. Re3 Rg8 17. Rae1 Nd5 18.
Rh3 Qg6 19. Nf4 Nxf4 20. Rxe7+ Kh8 21. Rg3 Qf5 22. d5 Rxg3 23. hxg3 Rg8 24. Qd4+ Nf6 25. gxf4 Bc8 26. Rf7 Rg6 27. dxc6 Qg4 28. g3 Qxf4 29.
Qxf4 Kg8 30. Rxf6 Rxf6 31. Qxf6 Bh3 32. Qxh6 Kf7 33. c7 1-0

[Event "*** SCC Grand Prix: Titled Tuesday Blitz"]
[Site "Chess.com"]
[Date "2020.10.06"]
[Round "3"]
[White "Nara_Kh"]
[Black "pavelalexandru07"]
[Result "0-1"]
[WhiteElo "2379"]
[BlackElo "2245"]
[TimeControl "180+1"]
[EndTime "10:27:28 PDT"]
[Termination "pavelalexandru07 won by resignation"]

1. e4 e5 2. Nf3 Nc6 3. Bb5 a6 4. Ba4 Nf6 5. O-O Be7 6. d3 b5 7. Bb3 O-O 8. h3 d6 9. a4 Bb7 10. Nbd2 Na5 11. Ba2 c5 12. c3 Qc7 13.
Re1 h6 14. Nf1 Rfd8 15. Ne3 Bf8 16. Nf5 c4 17. N3h4 d5 18. Qf3 dxe4 19. dxe4 Rd3 20.
Nxh6+ Kh8 21. Qf5 Bc8 22. Qg5 Nh7 23. Nxf7+ Qxf7 24. Qxe5 Bd6 25. Qxd6 Rxd6 26. e5 Rd8 27. axb5 axb5 28. Bb1 Be6 29. Ng6+ Kg8 30. g4 Nb3 31.
Rxa8 Rxa8 32. Bf4 Ra1 33. Bg3 Rxb1 34. Rxb1 Qxg6 35. Rd1 Qc2 36. Rd8+ Kf7 37. Rb8 Nf8 38. Rb7+ Nd7 39. Rxb5 Qxb2 40. Rb7 Qxc3 41. h4 Qd4 42. g5 c3 43. Rc7 Nc5 0-1

[Event "*** SCC Grand Prix: Titled Tuesday Blitz"]
[Site "Chess.com"]
[Date "2020.10.06"]
[Round "3"]
[White "Smirnov_Pavel"]
[Black "nurgyulsalimova"]
[Result "1-0"]
[WhiteElo "2809"]
[BlackElo "2609"]
[TimeControl "180+1"]
[EndTime "10:27:29 PDT"]
[Termination "Smirnov_Pavel won by resignation"]

1. d4 Nf6 2. c4 e6 3. Nf3 d5 4. Nc3 c6 5. e3 Nbd7 6. Qc2 Bd6 7. Bd3 dxc4 8. Bxc4 b5 9. Be2 Bb7 10. O-O a6 11. Rd1 Qc7 12. e4 e5 13. g3 O-O 14.
dxe5 Nxe5 15. Bg5 Rad8 16. Bxf6 gxf6 17. Nh4 Bc8 18. Qc1 Kg7 19. Qe3 Ng6 20. Nf5+ Bxf5 21. exf5 Rfe8 22. Ne4 Ne7 23. Qf3 Be5 24. Qg4+ Kh8 25. Qh5 Kg7 26. Rab1 Nd5 27. Bf3 Qa7 28. Kg2 Re7 29. Re1 Rde8 30. Rbd1 Bxb2 31. Re2 Bd4 32. Rc1 c5 33. Qg4+ Kh8 34. Qh4 Kg7 35. Rd1 c4 36.
Red2 Bxf2 37. Rxd5 Be3 38. Qxf6+ Kg8 39. Qh4 c3 40.
Nf6+ Kf8 41. Qxh7 1-0

[Event "*** SCC Grand Prix: Titled Tuesday Blitz"]
[Site "Chess.com"]
[Date "2020.10.06"]
[Round "3"]
[White "Matveev_Vladimir"]
[Black "Emp3rador"]
[Result "1-0"]
[WhiteElo "2617"]
[BlackElo "2419"]
[TimeControl "180+1"]
[EndTime "10:27:29 PDT"]
[Termination "Matveev_Vladimir won by resignation"]

1. d4 d5 2. c4 c6 3. Nf3 Nf6 4. Qc2 dxc4 5. e4 b5 6. b3 cxb3 7. axb3 Bb7 8. Bd3 e6 9. Bd2 Na6 10. Rxa6 Bxa6 11. Qxc6+ Nd7 12. Qxa6 Be7 13. Bxb5 O-O 14.
O-O Nb6 15. Rc1 h6 16. Be3 Rc8 17. Rxc8 Nxc8 18. Nbd2 Qc7 19. Nc4 Nb6 20. Nfe5 f5 21.
f3 fxe4 22. fxe4 Nxc4 23. bxc4 Bd6 24. Qc6 Qb8 25. g3 Bxe5 26. Qxe6+ Kh8 27. Qxe5 Qb7 28. Bxh6 Kh7 29. Bf4 a6 30. Qh5+ Kg8 31. Qd5+ Qxd5 32. exd5 axb5 33. cxb5 Rf7 34. b6 Rb7 35. Bc7 Kf7 36.
d6 Ke6 37. Kf2 Kd7 38. Ke3 Ke6 39. Ke4 g6 40. g4 Kd7 41. Ke5 Kc8 42. Kf6 g5 43.
Kxg5 Kd7 44. h4 Kc6 45. h5 Rxc7 46. dxc7 1-0

[Event "*** SCC Grand Prix: Titled Tuesday Blitz"]
[Site "Chess.com"]
[Date "2020.10.06"]
[Round "3"]
[White "Korchmar_Vasiliy"]
[Black "DishonorOnYourCow"]
[Result "0-1"]
[WhiteElo "2568"]
[BlackElo "2415"]
[TimeControl "180+1"]
[EndTime "10:27:29 PDT"]
[Termination "DishonorOnYourCow won on time"]

1. e4 e5 2. Nf3 Nc6 3. Nc3 Nf6 4. Bb5 Bb4 5. O-O d6 6. d3 Bd7 7. Bg5 Bxc3 8. bxc3 h6 9. Bc1 O-O 10. Re1 a6 11. Bc4 Na5 12. Bb3 Nxb3 13. axb3 Bg4 14. h3 Bh5 15. g4 Nxg4 16. hxg4 Bxg4 17. d4 f5 18. dxe5 Kh8 19. e6 fxe4 20. Rxe4 Bxf3 21. e7 Bxd1 22. exd8=Q Raxd8 23. Be3 Bf3 24. Re7 Rf5 25. Kh2 Rdf8 26. Rxc7 Rh5+ 27. Kg3 Bc6 28. Rd1 Rf3+ 29.
Kg4 Rhf5 30. Rxd6 h5+ 31. Kh4 Be4 32. Re6 Bxc2 33. Bd4 R3f4+ 34. Kh3 Rg4 0-1

[Event "*** SCC Grand Prix: Titled Tuesday Blitz"]
[Site "Chess.com"]
[Date "2020.10.06"]
[Round "3"]
[White "sokidze"]
[Black "Zhigalko_Sergei"]
[Result "0-1"]
[WhiteElo "2705"]
[BlackElo "2924"]
[TimeControl "180+1"]
[EndTime "10:27:33 PDT"]
[Termination "Zhigalko_Sergei won by resignation"]

1. d4 Nf6 2. g3 c5 3. d5 e6 4. c4 exd5 5. cxd5 d6 6. Nc3 g6 7.
Nf3 Bg7 8. Bg2 O-O 9. O-O a6 10. a4 Re8 11. Nd2 Nbd7 12. h3 b6 13. Qb3 Rb8 14. Nc4 Ne5 15. Na3 b5 16. axb5 axb5 17.
f4 c4 18. Qb4 Qb6+ 19. Kh1 Ned7 20. Naxb5 Ba6 21. Ra5 Nh5 22. Kh2 Bxc3 23. Qxc3 Bxb5 24.
e4 Nc5 25. Be3 Qc7 26. g4 Ng7 27. Bd4 f6 28. Rfa1 Nxe4 29. Qc2 Nc5 30. Bxf6 Qf7 31.
Bd4 Qxf4+ 32. Kh1 Qxd4 33. Ra7 Nd3 34. Rf1 Rf8 35. Rd1 Nf2+ 0-1

[Event "*** SCC Grand Prix: Titled Tuesday Blitz"]
[Site "Chess.com"]
[Date "2020.10.06"]
[Round "3"]
[White "XDPS"]
[Black "KyronGriffith"]
[Result "1-0"]
[WhiteElo "2801"]
[BlackElo "2563"]
[TimeControl "180+1"]
[EndTime "10:27:33 PDT"]
[Termination "XDPS won by resignation"]

1. e4 c6 2. Nf3 d5 3. Nc3 a6 4. h3 d4 5. Ne2 c5 6. c3 Nc6 7. Ng3 e6 8. Bd3 Bd6 9. O-O Nge7 10. Re1 Ng6 11. Bf1 Qc7 12. Nh5 O-O 13. d3 b5 14.
a4 Bb7 15. Bd2 dxc3 16. bxc3 Rfd8 17. axb5 axb5 18. Rxa8 Bxa8 19. d4 cxd4 20. cxd4 b4 21. Qa4 Bf8 22. Be3 Bb7 23. Rc1 Qd7 24. Bb5 Rc8 25.
Ng3 Qd6 26. e5 Qd5 27. Bc4 Qd7 28. Ne4 Ncxe5 29. Qxd7 Nxd7 30. Nfd2 Nb6 31. Nc5 Bd5 32. Ba6 Ra8 33. Bf1 f5 34. Ndb3 f4 35. Bd2 Ra2 36.
Bxb4 Na4 37. Nxa4 Rxa4 38. Bxf8 Kxf8 39. Nc5 Ra2 40. Bc4 Bxc4 41. Rxc4 Ne7 42. Nxe6+ Kf7 43. Nxf4 Nf5 44. Rc7+ Kf6 45. d5 g5 46. Rc6+ Ke5 47.
Nd3+ Kxd5 48. Nb4+ 1-0

[Event "*** SCC Grand Prix: Titled Tuesday Blitz"]
[Site "Chess.com"]
[Date "2020.10.06"]
[Round "3"]
[White "dopolian"]
[Black "seorobert1971"]
[Result "0-1"]
[WhiteElo "2443"]
[BlackElo "2702"]
[TimeControl "180+1"]
[EndTime "10:27:34 PDT"]
[Termination "seorobert1971 won on time"]

1. e4 c6 2. Nc3 d5 3. Nf3 Bg4 4.
h3 Bh5 5. exd5 cxd5 6. g4 Bg6 7. Bb5+ Nc6 8. Ne5 Qd6 9. d4 f6 10. Nxg6 hxg6 11. Qf3 a6 12. Bf4 Qe6+ 13. Kf1 axb5 14. Nxd5 Kf7 15. Nc7 Qc4+ 16. Kg2 Nxd4 17. Qxb7 Rd8 18.
Rad1 Qxc2 19. Rc1 Qxb2 20. Rhd1 Rxh3 21. Kxh3 Qxf2 22. Bg3 Qe3 23. Re1 Qf3 24. Qxf3 Nxf3 25. Re3 Ng5+ 26. Kg2 Nh6 27. Nxb5 Nxg4 28. Rec3 Rd2+ 29.
Kg1 Ne4 30. Rc4 Nxg3 31. R1c2 Rxc2 32. Rxc2 Ne3 33. Rc3 Ngf5 34. Rd3 e5 35. a4 Bc5 36. Kh2 Ng4+ 0-1

[Event "*** SCC Grand Prix: Titled Tuesday Blitz"]
[Site "Chess.com"]
[Date "2020.10.06"]
[Round "3"]
[White "Beltraxtor"]
[Black "lucachess49"]
[Result "1-0"]
[WhiteElo "2583"]
[BlackElo "2396"]
[TimeControl "180+1"]
[EndTime "10:27:34 PDT"]
[Termination "Beltraxtor won on time"]

1. e4 e5 2. Nf3 Nc6 3. Bb5 a6 4. Ba4 Nf6 5. O-O Be7 6. Re1 b5 7. Bb3 d6 8. c3 O-O 9. h3 Na5 10. Bc2 c5 11. d4 Qc7 12. Nbd2 Nc6 13. a3 Bb7 14. b4 cxd4 15. cxd4 Rac8 16. Bb3 exd4 17. Bb2 Ne5 18. Bxd4 Qb8 19. Qe2 Nfd7 20. Bb2 Bf6 21. Nd4 g6 22. a4 bxa4 23. Rxa4 Nc6 24. Nxc6 Bxc6 25. Bxf6 Nxf6 26. Rxa6 Bb5 27. Qf3 Bxa6 28.
Qxf6 Qxb4 29. Qf4 Rcd8 30. Bd5 Bb7 31. Qg5 Bxd5 32. exd5 Rde8 33. Rc1 Qd4 34. Nf3 Qe4 35. Rc6 f6 36. Qd2 1-0